 Dungeon Crawl Stone Soup version 0.21-a0-450-gd87a9b2 (webtiles) character file.

318 Kilingo the Grave Robber (level 6, -1/46 HPs)
             Began as a Hill Orc Necromancer on Nov 18, 2017.
             Succumbed to a worker ant's poison
             ... on level 3 of the Dungeon.
             The game lasted 01:11:25 (3566 turns).

Kilingo the Grave Robber (Hill Orc Necromancer)     Turns: 3566, Time: 01:11:25

Health: -1/46      AC:  4    Str: 11    XL:     6   Next: 45%
Magic:  1/10       EV: 11    Int: 17    God:
Gold:   141        SH:  0    Dex: 11    Spells: 3/11 levels left

rFire    . . .     SeeInvis .   D - +0 hand axe
rCold    . . .     Gourm    .   (no shield)
rNeg     . . .     Faith    .   s - +0 leather armour
rPois    .         Spirit   .   t - +0 helmet
rElec    .         Reflect  .   (no cloak)
rCorr    .         Harm     .   (no gloves)
MR       .....                  (no boots)
Stlth    +.........             (no amulet)
HPRegen  0.15/turn              j - +3 ring of slaying
MPRegen  0.12/turn              (no ring)

@: lethally poisoned (-1 -> -24), flying, very slightly contaminated, drained,
invisible
A: no striking features
a: no special abilities


You were on level 3 of the Dungeon.
You were not hungry.

You visited 1 branch of the dungeon, and saw 4 of its levels.

You collected 141 gold pieces.

Inventory:

Hand Weapons
 l - a +1 dagger of venom
 u - a +0 hunting sling
 D - a +0 hand axe (weapon)
Missiles
 v - 39 stones (quivered)
Armour
 a - a +0 chain mail
 k - a +0 ring mail
 p - a +0 robe of resistance
 s - a +0 leather armour (worn)
 t - a +0 helmet (worn)
Jewellery
 j - a +3 ring of slaying (left hand)
Wands
 d - a wand of confusion (1/48)
Scrolls
 e - a scroll of teleportation {unknown}
 i - a scroll of enchant armour {unknown}
 r - a scroll of enchant weapon {unknown}
 y - a scroll of fear {unknown}
 B - a scroll of blinking {unknown}
 E - a scroll of immolation {unknown}
Potions
 n - a potion of mutation {unknown}
 o - a potion of ambrosia {unknown}
 q - a potion of curing {unknown}
 w - a potion of cancellation
 x - a potion of resistance {unknown}
 z - a potion of lignification {unknown}
Books
 b - a book of Necromancy

   Spells                             Type                      Level
   a - Pain                           Necromancy                   1
   b - Animate Skeleton               Necromancy                   1
   c - Vampiric Draining              Necromancy                   3
   d - Regeneration                   Charms/Necromancy            3
   e - Animate Dead                   Necromancy                   4
   f - Control Undead                 Necromancy                   4
Comestibles
 c - 2 bread rations
 f - 3 royal jellies
 A - 2 chunks of flesh
 F - a meat ration


   Skills:
 + Level 0.6(0.2) Fighting
 + Level 0.7(0.3) Short Blades
 + Level 0.1(0.0) Axes
 + Level 0.1(0.0) Slings
 + Level 0.3(0.0) Throwing
 + Level 1.5(1.0) Armour
 + Level 2.1(1.7) Dodging
 + Level 2.1(1.7) Stealth
 + Level 0.3(0.0) Unarmed Combat
 + Level 3.0(2.5) Spellcasting
 + Level 5.6(5.1) Necromancy


You had 3 spell levels left.
You knew the following spells:

 Your Spells              Type           Power        Failure   Level  Hunger
a - Pain                  Necr           ###.         3%          1    #......
b - Animate Skeleton      Necr           N/A          3%          1    #......
c - Vampiric Draining     Necr           ###.......   9%          3    ###....
d - Regeneration          Chrm/Necr      ##........   26%         3    ###....


Dungeon Overview and Level Annotations

Branches:
Dungeon (4/15)
 Temple: D:4-7

Altars:
Qazlal


Message History

* * * LOW HITPOINT WARNING * * *
You are more poisoned.
The worker ant poisons you!
The worker ant waves its antennae.
The worker ant bites you.
* * * LOW HITPOINT WARNING * * *
You are more poisoned.
The worker ant poisons you!
It was a potion of flight.
You feel very buoyant.
You fly up into the air.
* * * LOW HITPOINT WARNING * * *
You feel sick. The worker ant misses you.
It was a potion of invisibility.
You fade into invisibility!
* * * LOW HITPOINT WARNING * * *
You feel very sick. The worker ant barely misses you.
You are very lightly contaminated with residual magic.
You die...

.###....##.#
........)..#
.#.......>.#######
##...............#
........##.#####.#
####.......# #.#
...#....#### #a#
##.#<###### #.#
.#........######@#
#.........##.....#
##........##.#####
#.........##.#
.##......#########
.##.....##...#...##
.##.....##..#..#..##
.######....#..#..#_#
.# ###.#..#..#.##


You could see a worker ant.

Vanquished Creatures
  2 wights
  A hound (D:4)
  A bullfrog skeleton (D:4)
  A worker ant (D:4)
  3 gnolls (D:4)
  4 adders
  2 worms (D:2)
  A dart slug (D:3)
  5 orcs
  A ball python (D:1)
  7 bats
  2 giant cockroaches
  5 hobgoblins
  11 jackals (D:1)
  2 quokkas (D:4)
  7 frilled lizards
  6 goblins
  A jackal skeleton (D:4)
  A kobold (D:3)
  11 rats
74 creatures vanquished.

Vanquished Creatures (collateral kills)
  A gnoll (D:4)
  An adder (D:4)
  An orc (D:3)
  A goblin (D:1)
  2 bats
  2 rats (D:1)
8 creatures vanquished.

Grand Total: 82 creatures vanquished

Notes
Turn   | Place    | Note
-------+----------+-------------------------------------------
     0 | D:1      | Kilingo the Hill Orc Necromancer began the quest for the Orb.
     0 | D:1      | Reached XP level 1. HP: 14/14 MP: 3/3
   104 | D:1      | Learned a level 1 spell: Animate Skeleton
   335 | D:1      | Reached XP level 2. HP: 14/20 MP: 0/4
   790 | D:1      | Reached XP level 3. HP: 11/26 MP: 0/6
   902 | D:1      | Learned a level 3 spell: Vampiric Draining
  1671 | D:2      | Reached XP level 4. HP: 24/33 MP: 3/7
  2538 | D:3      | Found a stormy altar of Qazlal.
  2900 | D:4      | Reached skill level 5 in Necromancy
  2900 | D:4      | Reached XP level 5. HP: 38/38 MP: 8/8
  3138 | D:4      | Learned a level 3 spell: Regeneration
  3236 | D:3      | Reached skill level 1 in Armour
  3236 | D:3      | Reached XP level 6. HP: 31/46 MP: 2/10
  3565 | D:3      | HP: 1/46 [poisoned by a worker ant]
  3566 | D:3      | Succumbed to a worker ant's poison

Vault maps used:
D:1:      minmay_arrival_semitransparent
D:3:      marbit_many_paths
D:4:      kennysheep_nondescript

Skill      XL: |  1  2  3  4  5  6 |
---------------+-------------------+-----
Spellcasting   | 2 3 |  3.0
Stealth        | 2 |  2.1
Necromancy     | 5 |  5.6
Dodging        | 2 |  2.1
Armour         | 1 |  1.5
Fighting       | |  0.6
Short Blades   | |  0.7
Axes           | |  0.1
Slings         | |  0.1
Throwing       | |  0.3
Unarmed Combat | |  0.3

Action                   |  1- 3 |  4- 6 || total
-------------------------+-------+-------++-------
Melee: Unarmed           |    47 |       ||    47
       Dagger            |    13 |     4 ||    17
       Long sword        |     6 |     9 ||    15
       Hand axe          |       |    15 ||    15
 Fire: Hunting sling     |       |     8 ||     8
Throw: Javelin           |     2 |     7 ||     9
 Cast: Pain              |    56 |    51 ||   107
       Animate Skeleton  |     9 |     8 ||    17
       Vampiric Draining |     4 |    12 ||    16
       Regeneration      |       |     2 ||     2
Evoke: Wand              |       |     3 ||     3
  Use: Potion            |     3 |     4 ||     7
       Scroll            |       |     2 ||     2
 Stab: Sleeping          |     2 |     3 ||     5
  Eat: Chunk             |     4 |     5 ||     9
       Bread ration      |       |     1 ||     1
Armor: Robe              |    26 |       ||    26
       Leather armour    |     3 |    22 ||    25
Dodge: Dodged            |    95 |    55 ||   150
       Rpst.: Long sword |       |    11 ||    11

Table legend:
 A = Spawn XP
 B = Non-spawn XP
 C = Spawn XP percentage of total XP
 D = Spawn monster count
 E = Non-spawn monster count
 F = Spawn count percentage of total count
 G = Total turns spent on level
                    A         B        C        D         E        F      G
               +---------+---------+-------+---------+---------+-------+---------
         Total |       0 |     455 |   0.0 |       0 |      82 |   0.0 |  3566
               +---------+---------+-------+---------+---------+-------+---------
           D:1 |       0 |      56 |   0.0 |       0 |      35 |   0.0 |  1281
           D:2 |       0 |      42 |   0.0 |       0 |      15 |   0.0 |   791
           D:3 |       0 |     113 |   0.0 |       0 |      18 |   0.0 |  1139
           D:4 |       0 |     244 |   0.0 |       0 |      14 |   0.0 |   355
               +---------+---------+-------+---------+---------+-------+---------
